 Dungeon Crawl Stone Soup version 0.30.0-19-g36f170ea60 (webtiles) character file.

Game seed: 8789971387753487614

505 CaptainMV the Cutter (level 6, -1/52 HPs)
             Began as a Draconian Wanderer on May 30, 2023.
             Slain by a scorpion (3 damage)
             ... on level 5 of the Dungeon.
             The game lasted 00:17:07 (2726 turns).

CaptainMV the Cutter (Draconian Wanderer)           Turns: 2726, Time: 00:17:07

Health: -1/52      AC:  9    Str: 10 (12) XL:     6   Next: 96%
Magic:  6/6        EV: 12    Int: 11      God:
Gold:   206        SH:  0    Dex: 16      Spells: 5/5 levels left

rFire   . . .        a - +3 short sword
rCold   . . .        (no shield)
rNeg    . . .        (body armour unavailable)
rPois   .            (helmet restricted)
rElec   .            (no cloak)
rCorr   .            g - +0 pair of gloves
SInv    .            o - +1 pair of boots
Will    .....        (no amulet)
Stlth   +++          (no ring)
HPRegen 0.28/turn    (no ring)
MPRegen 0.10/turn

%: no passive effects
@: lethally poisoned (-1 -> -4)
A: AC +6, unfitting armour, cold-blooded
a: no special abilities


You were on level 5 of the Dungeon.
You visited 1 branch of the dungeon, and saw 5 of its levels.

You collected 206 gold pieces.

Inventory:

Hand Weapons
 a - a +3 short sword (weapon)
Missiles
 c - 3 poisoned darts (quivered)
 j - 3 boomerangs
Armour
 g - a +0 pair of gloves (worn)
 o - a +1 pair of boots (worn)
Jewellery
 p - a ring of protection from fire
Scrolls
 d - a scroll of enchant armour
 f - 2 scrolls of amnesia
 l - a scroll of magic mapping
 q - a scroll of teleportation
Potions
 b - a potion of heal wounds {unknown}
 e - a potion of flight {unknown}
 h - a potion of mutation {unknown}
 i - a potion of might {unknown}
 k - a potion of resistance {unknown}
 m - a potion of cancellation


   Skills:
 + Level 3.7 Fighting
 + Level 6.0 Short Blades
 + Level 1.0 Staves
 + Level 2.0 Throwing
 + Level 2.5 Dodging
 + Level 3.7 Stealth


You had 5 spell levels left.
You didn't know any spells.
Your spell library was empty.

Dungeon Overview and Level Annotations

Branches:
Dungeon (5/15)
 Temple: D:4-7

Altars:

Shops:
D:4 [


Innate Abilities, Weirdness & Mutations

Your plain brown scales are hard. (AC +6)
You cannot fit into any form of body armour.
You are cold-blooded and may be slowed by cold attacks.


Message History

You closely miss the scorpion. The scorpion completely misses you.
You barely miss the scorpion.
The scorpion stings you but does no damage.
You hit the scorpion.
The scorpion is lightly wounded.
The scorpion completely misses you.
You hit the scorpion but do no damage.
The scorpion is lightly wounded.
The scorpion misses you.
You barely miss the scorpion.
Your tail-slap misses the scorpion.
The scorpion is lightly wounded.
You hit the scorpion but do no damage.
The scorpion is lightly wounded.
The scorpion stings you.
* * * LOW HITPOINT WARNING * * *
You are poisoned.
The scorpion poisons you!
You feel very sick.
An adder comes into view.
You feel sick. The scorpion stings you.
* * * LOW HITPOINT WARNING * * *
You hit the scorpion but do no damage.
The scorpion is lightly wounded.
* * * LOW HITPOINT WARNING * * *
You feel sick.
The scorpion stings you but does no damage.
You hit the scorpion.
You tail-slap the scorpion, but do no damage.
The scorpion is moderately wounded.
* * * LOW HITPOINT WARNING * * *
You feel sick.
You hit the scorpion.
The scorpion is moderately wounded.
* * * LOW HITPOINT WARNING * * *
You feel sick. The scorpion closely misses you.
You hit the scorpion.
The scorpion is heavily wounded.
* * * LOW HITPOINT WARNING * * *
You feel sick. The scorpion stings you.
You die...

#####
###############
#...#
#......g......#
#.#.#
#.###########.#
#.#.# #.........
#.# #.#.#
##..######## #.#
##.#<#.##....)....#
#.#
..........>.#####s#
#.#
##.....##...#...@.#
#g#
...######.........#
#.# ...#
#...........#.#
[..#
#..######.###.#
...# #... ... #.#
...#######.#
#.#.#.#
............
..#.#.#
............ .S #.#
....####
#.##########.##


You could see a scorpion and an adder (asleep).

Vanquished Creatures
  An ogre (D:4)
  A phantom (D:4)
  2 jellies
  A howler monkey (D:3)
  A hound (D:5)
  3 iguanas (D:4)
  A sleepcap (D:4)
  3 adders
  3 gnolls (D:5)
  An ufetubus (D:4)
  2 dart slugs
  5 orcs
  9 ball pythons
  2 endoplasms
  4 goblins
  3 hobgoblins
  2 jackals (D:1)
  3 quokkas
  4 bats
  4 frilled lizards
  4 kobolds
  2 rats (D:1)
61 creatures vanquished.

Notes
Turn   | Place    | Note
-------+----------+-------------------------------------------
     0 | D:1      | CaptainMV the Draconian Wanderer began the quest for the
                  | Orb.
     0 | D:1      | CaptainMV set off with the following items: a +2 short
                  | sword, a +0 quarterstaff, 9 poisoned darts, a +0 dagger, a
                  | potion of curing.
     0 | D:1      | Reached XP level 1. HP: 17/17 MP: 1/1
   437 | D:1      | Reached XP level 2. HP: 21/24 MP: 2/2
   903 | D:2      | Reached XP level 3. HP: 23/30 MP: 3/3
  1164 | D:3      | Reached skill level 5 in Short Blades
  1192 | D:3      | Reached XP level 4. HP: 37/37 MP: 4/4
  1545 | D:3      | Reached skill level 1 in Dodging
  1795 | D:3      | Reached XP level 5. HP: 45/45 MP: 5/5
  1933 | D:4      | Noticed a phantom
  1950 | D:4      | Killed a phantom
  2057 | D:4      | Noticed an ogre
  2077 | D:4      | Killed an ogre
  2078 | D:4      | Reached XP level 6. HP: 31/51 MP: 6/6
  2503 | D:4      | Found Diklur's Armour Shoppe.
  2569 | D:5      | Entered Level 5 of the Dungeon
  2623 | D:5      | Reached skill level 6 in Short Blades
  2650 | D:5      | HP: 2/52 [gnoll sergeant/+0 quarterstaff (7)]
  2726 | D:5      | HP: 2/52 [poisoned by a scorpion]
  2726 | D:5      | Slain by a scorpion

Illustrated notes

Levels and vault maps discovered:
D:1:      tarquinn_simple_flora_water_a, layout_basic, dk_noncrumbling_2
D:2:      layout_rooms
D:3:      layout_basic
D:4:      layout_cave_pools, serial_co_window_serial, co_window_paths_a,
          co_window_paths_b, co_window_corner_a, co_window_of_opportunity_a,
          co_window_corner_a, co_window_corner_b, co_window_corner_ca,
          co_window_broadway_a, co_window_2corner, co_window_broadway_b,
          co_window_of_opportunity_c, co_window_paths_d, glass_columns_a,
          glass_columns_a, glass_columns_b, glass_columns_a, serial_shops,
          nicolae_shop_behind_doors, minmay_misc_feat_rows
D:5:      layout_basic, mainiacjoe_overflow_boulevard, serial_shops,
          nicolae_shop_getting_attention

Skill      XL: |  1  2  3  4  5  6 |
---------------+-------------------+-----
Stealth        | 2 3 |  3.7
Short Blades   | 5 6 |  6.0
Dodging        | 1 2 |  2.5
Fighting       | 3 |  3.7
Throwing       | 2 |  2.0
Staves         | |  1.0

Action                     |  1- 3 |  4- 6 || total
---------------------------+-------+-------++-------
  Melee: Short sword       |    90 |   148 ||   238
         Tailslap          |    11 |    27 ||    38
         Punch             |     1 |     1 ||     2
  Throw: Dart              |       |    18 ||    18
    Use: Scroll            |     4 |     5 ||     9
         Potion            |       |     5 ||     5
   Stab: Sleeping          |     2 |     9 ||    11
 Armour: Skin              |    20 |    27 ||    47
  Dodge: Dodged            |    38 |    64 ||   102
